 Dungeon Crawl Stone Soup version 0.19-a0-488-gf8766cc (webtiles) character file.

3122 shmeve the Fighter (level 9, -5/84 HPs)
             Began as a Minotaur Berserker on June 2, 2016.
             Was a High Priest of Trog.
             Killed from afar by an electric eel (12 damage)
             ... with a bolt of electricity
             ... on level 8 of the Dungeon on June 4, 2016.
             The game lasted 00:16:08 (6435 turns).

shmeve the Fighter (Minotaur Berserker)             Turns: 6435, Time: 00:16:09

Health: -5/84      AC: 15    Str: 24    XL:     9   Next: 60%
Magic:  8/8        EV:  9    Int:  4    God:    Trog [*****.]
Gold:   210        SH:  3    Dex: 11    Spells: 0 memorised, 8 levels left

rFire  . . .     SeeInvis .     K - +0 battleaxe
rCold  . . .     Gourm    .     a - +0 plate armour
rNeg   . . .     Faith    .     (shield currently unavailable)
rPois  .         Spirit   .     (helmet restricted)
rElec  .         Dismiss  .     (no cloak)
rCorr  +         Reflect  +     y - +0 pair of gloves
SustAt .         Harm     .     C - +0 pair of boots
MR     .....                    j - +3 amulet of reflection
Stlth  ..........               (no ring)
                                v - ring of resist corrosion

@: exhausted, slowed, very slow, not resistant to hostile enchantments,
extremely unstealthy
A: retaliatory headbutt, horns 2
a: Berserk, Trog's Hand, Brothers in Arms, Burn Spellbooks, Renounce Religion


You were on level 8 of the Dungeon.
You worshipped Trog.
Trog was extremely pleased with you.
You were hungry.

You visited 1 branch of the dungeon, and saw 8 of its levels.

You collected 408 gold pieces.
You spent 198 gold pieces at shops.

Inventory:

Hand Weapons
 s - a +0 war axe
 K - a +0 battleaxe (weapon)
Missiles
 o - 5 javelins (quivered)
Armour
 a - a +0 plate armour (worn)
 y - a +0 pair of gloves (worn)
 C - a +0 pair of boots (worn)
Jewellery
 j - a +3 amulet of reflection (around neck)
 v - a ring of resist corrosion (left hand)
Wands
 I - a wand of confusion (31/48)
Scrolls
 e - 3 scrolls of teleportation
 h - 2 scrolls of remove curse
 l - a scroll of enchant armour {unknown}
 m - 12 scrolls of identify {unknown}
 n - a scroll of fog {unknown}
 q - a scroll of noise
 w - 3 scrolls of random uselessness {unknown}
 A - a scroll of magic mapping {unknown}
 B - a scroll of immolation {unknown}
 F - a scroll of blinking {unknown}
 G - 2 scrolls of enchant weapon {unknown}
 H - a scroll of fear {unknown}
Potions
 b - 3 potions of curing {unknown}
 d - a potion of agility {unknown}
 g - a potion of cure mutation {unknown}
 i - a potion of lignification {unknown}
 k - a potion of heal wounds {unknown}
 p - a potion of magic {unknown}
 u - a potion of berserk rage {unknown}
 x - a potion of mutation {unknown}
 D - 3 potions of haste {unknown}
 E - a potion of ambrosia {unknown}
Comestibles
 c - 5 bread rations
 f - 4 beef jerkies
 r - 2 slices of pizza
 z - 6 meat rations


   Skills:
 * Level 9.4 Fighting
 * Level 9.2 Axes
 + Level 4.6 Throwing
 + Level 7.1 Armour
 + Level 5.7 Dodging


You had 8 spell levels left.
You didn't know any spells.

Dungeon Overview and Level Annotations

Branches:
Dungeon (8/15)             Temple (0/1) D:7
   Lair: D:8-11

Altars:
Elyvilon
Kikubaaqudgha
Okawaru
Pakellas
Qazlal
Uskayaw
Yredelemnul

Shops:
D:5 }   D:7 [


Innate Abilities, Weirdness & Mutations

You reflexively headbutt those who attack you in melee.
You have a pair of horns on your head.


Message History

* * * LOW HITPOINT WARNING * * *
The hound closely misses you.
An electric eel comes into view.
You block the hound's attack.
You slash the hound! You headbutt the hound!
You kill the hound!
Trog accepts your kill.
You slash the hound!
You kill the hound!
Trog accepts your kill.
You are no longer berserk.
You are exhausted.
You feel yourself slow down.
You are feeling hungry.
The electric eel shoots out a bolt of lightning at you!
The bolt of electricity hits you!
* * * LOW HITPOINT WARNING * * *
The electric eel shoots out a bolt of lightning at you!
The bolt of electricity hits you!
You die...

# ##############.#
............<..#
#.#.#...#...#.###
.%................
............(..###.
...###...#...#.#
.............#.##
≈........@.......
≈≈≈..≈≈†(...##...
≈≈≈≈≈≈≈≈≈.........
≈≈≈≈≈≈≈≈≈≈.......
...≈≈≈≈.....##..;
....≈≈≈≈≈≈...#...
.............# .
..≈.≈≈≈≈;;...#
≈.≈≈≈≈≈≈≈...#


You could see 3 electric eels.

Vanquished Creatures
  A troll (D:8)
  Grinder (D:3)
  An ice beast (D:7)
  3 sky beasts
  2 orc warriors (D:6)
  3 ogres
  3 wolves (D:8)
  A giant frog (D:6)
  2 scorpions
  5 wights (D:7)
  A howler monkey (D:5)
  2 electric eels (D:8)
  A centaur skeleton (D:6)
  7 hounds
  3 jellies
  2 orc priests (D:7)
  5 orc wizards
  2 giant frog skeletons
  Jessica (D:3)
  An iguana (D:4)
  Natasha (thrice) (D:3)
  4 worker ants
  A killer bee zombie (D:7)
  2 hound skeletons
  Robin (D:3)
  4 gnolls (D:3)
  12 adders
  3 shadow imps
  2 oozes
  2 worms (D:2)
  A dart slug (D:2)
  5 giant geckos
  20 orcs
  7 bats
  5 giant cockroaches
  15 goblins
  11 hobgoblins
  4 jackals
  7 kobolds
  3 quokkas
  2 ball pythons
  A ball python skeleton (D:4)
  A giant gecko zombie (D:7)
  4 giant newts
  A quokka skeleton (D:7)
  13 rats
181 creatures vanquished.

Vanquished Creatures (others)
  An orc (D:2)
  2 jackals (D:8)
3 creatures vanquished.

Grand Total: 184 creatures vanquished

Notes
Turn   | Place    | Note
--------------------------------------------------------------
     0 | D:1      | shmeve the Minotaur Berserker began the quest for the Orb.
     0 | D:1      | Reached XP level 1. HP: 19/19 MP: 0/0
    63 | D:1      | Upgraded the game from 0.19-a0-453-g7eaa1ff to 0.19-a0-459-gb8ed64d
    63 | D:1      | Upgraded the game from 0.19-a0-459-gb8ed64d to 0.19-a0-488-gf8766cc
   265 | D:1      | Reached XP level 2. HP: 26/27 MP: 1/1
   550 | D:1      | Reached ** piety under Trog
   642 | D:2      | Reached XP level 3. HP: 32/33 MP: 2/2
   987 | D:2      | Reached XP level 4. HP: 25/40 MP: 3/3
  1082 | D:2      | Found a basalt altar of Yredelemnul.
  1082 | D:2      | Found an oddly glowing altar of Pakellas.
  1160 | D:2      | Found an iron altar of Okawaru.
  1471 | D:3      | Noticed Jessica
  1476 | D:3      | Killed Jessica
  1476 | D:3      | Reached *** piety under Trog
  1476 | D:3      | Reached skill level 5 in Axes
  1479 | D:3      | Reached XP level 5. HP: 47/47 MP: 4/4
  1732 | D:3      | Reached skill level 5 in Fighting
  1754 | D:3      | Noticed Grinder
  1774 | D:3      | Noticed Robin
  1786 | D:3      | Killed Robin
  1790 | D:3      | Killed Grinder
  1790 | D:3      | Reached skill level 1 in Throwing
  1790 | D:3      | Reached XP level 6. HP: 46/57 MP: 5/5
  1905 | D:3      | Noticed Natasha
  1912 | D:3      | Killed Natasha
  1946 | D:3      | Noticed Natasha
  1949 | D:3      | Killed Natasha
  1961 | D:3      | Noticed Natasha
  1966 | D:3      | Killed Natasha
  2377 | D:4      | Found a hide-covered altar of Uskayaw.
  2409 | D:4      | Reached XP level 7. HP: 62/62 MP: 6/6
  2436 | D:4      | You fall through a shaft for 2 floors!
  2547 | D:5      | Entered Level 5 of the Dungeon
  2832 | D:5      | Reached skill level 5 in Armour
  3025 | D:5      | Found Ehu Rija's Quality Used Wands.
  3205 | D:4      | Reached **** piety under Trog
  3466 | D:4      | Found a stormy altar of Qazlal.
  3485 | D:4      | Reached XP level 8. HP: 60/71 MP: 7/7
  4587 | D:6      | Reached ***** piety under Trog
  4871 | D:6      | Found a white marble altar of Elyvilon.
  5144 | D:7      | Found Seblaawo's Antique Armour Shoppe.
  5146 | D:7      | Bought an ichor-stained scale mail for 198 gold pieces
  5156 | D:7      | Identified the cursed +1 scale mail of Oblivion {rF+ rC+ rN+ Str+5} (You bought it in a shop on level 7 of the Dungeon)
  5222 | D:7      | Reached skill level 5 in Dodging
  5225 | D:7      | Reached XP level 9. HP: 27/82 MP: 8/8
  5708 | D:7      | Found a staircase to the Ecumenical Temple.
  6161 | D:7      | Found an ancient bone altar of Kikubaaqudgha.
  6414 | D:8      | Noticed a troll
  6422 | D:8      | Killed a troll
  6433 | D:8      | Received a gift from Trog
  6435 | D:8      | Killed from afar by an electric eel

Vault maps used:
D:1:      lightli_arrival_lavapool, minmay_rat_gold_closets
D:2:      okawaru_altar_gauntlet_db, gammafunk_temple_overflow_elements,
          first_bread
D:3:      uniq_jessica, uniq_robin, uniq_natasha, uniq_grinder
D:4:      nicolae_overflow_crystal_walls, kennysheep_little_box
D:5:      nicolae_for_you_no_charge
D:6:      kennysheep_mini_moat
D:7:      lemuel_crystal_altar, minmay_temple_entry_hall, serial_shops, shop
D:8:      lemuel_ratsnest, lemuel_doored_altar, grunt_dithmenos_shadows,
          erik_lair_island

Skill      XL: |  1  2  3  4  5  6  7  8  9 |
---------------+----------------------------+-----
Axes           | 4 5 6 7 8 9 |  9.2
Armour         | 3 4 5 6 7 |  7.1
Fighting       | 4 5 6 8 9 |  9.4
Throwing       | 1 2 3 4 |  4.6
Dodging        | 3 4 5 |  5.7

Action                   |  1- 3 |  4- 6 |  7- 9 || total
-------------------------+-------+-------+-------++-------
Melee: Hand axe          |   110 |    15 |       ||   125
       Headbutt          |    18 |    10 |    48 ||    76
       War axe           |       |    62 |   183 ||   245
       Battleaxe         |       |       |    48 ||    48
Invok: Berserk           |       |     2 |     3 ||     5
       Trog's Hand       |       |     2 |     1 ||     3
Evoke: Wand              |       |       |     1 ||     1
  Use: Scroll            |       |       |     4 ||     4
  Eat: Chunk             |       |     8 |    11 ||    19
       Fruit             |       |       |     5 ||     5
Armor: Chain mail        |    56 |    19 |       ||    75
       Plate armour      |       |    36 |   152 ||   188
Dodge: Dodged            |    61 |    47 |   124 ||   232
Block: Other             |    13 |    17 |    35 ||    65
       Reflection        |       |     4 |       ||     4
